Lightning vs Wild

Created - Thursday, November 12, 2015 at 12:56

Goals
1 2 3 T
Lightning 1 2 1 4
Wild 1 0 0 1
Shots
1 2 3 T
Lightning 9 10 8 27
Wild 3 18 8 29

1st period

1. Lightning , Patric Hornqvist 9 (Ryan Nugent-Hopkins) at 0:34
2. Wild , Chris Kunitz 4 (Marcus Johansson, Luke Schenn) at 1:56 (PP)

Penalties :
Alex Chiasson (TB ) for Hooking (Minor) at 1:35, Derek MacKenzie (TB ) for High sticking (Minor) at 1:59, Alex Chiasson (TB ) for Tripping (Minor) at 4:16, Derek MacKenzie (TB ) for Hooking (Minor) at 15:49, Ryan Suter (TB ) for Hooking (Minor) at 16:37

2nd period

3. Lightning , Ryan Nugent-Hopkins 6 (Patric Hornqvist, Roman Polak) at 0:30
4. Lightning , Leo Komarov 3 (Matt Calvert, Roman Polak) at 1:41 (SH)

Penalties :
Brandon Dubinsky (TB ) for Roughing (Minor) at 0:53, Ryan Suter (TB ) for Boarding (Minor) at 5:22, Brandon Dubinsky (TB ) for Hooking (Minor) at 5:58, Brandon Dubinsky (TB ) for Tripping (Minor) at 8:42, Jonathan Ericsson (Min) for Interference (Minor) at 12:05, Patric Hornqvist (TB ) for Hooking (Minor) at 12:14, Ryan Suter (TB ) for Hooking (Minor) at 18:29

3rd period

5. Lightning , Brandon Dubinsky 6 (Marc Methot, John Mitchell) at 18:58

Penalties :
Chris Kunitz (Min) for Boarding (Minor) at 0:35, Brandon Dubinsky (TB ) for Roughing (Minor) at 0:41, Jonathan Ericsson (Min) for Tripping (Minor) at 3:13, Brandon Dubinsky (TB ) for Slashing (Minor) at 4:23, Derek MacKenzie (TB ) for Tripping (Minor) at 5:48, Bryce Salvador (Min) for Goalie Interference (Minor) at 11:32, Ryan Suter (TB ) for Tripping (Minor) at 13:53, Roman Polak (TB ) for Holding (Minor) at 14:21, Roman Polak (TB ) for Holding (Minor) at 19:42

Goalie Stats

Carey Price (TB ), 28 saves from 29 shots - (0.966), W, 6-5-3, 60:00 minutes
Niklas Backstrom (Min), 23 saves from 27 shots - (0.852), L, 0-2-1, 60:00 minutes

Players Stats for Lightning

Player Name              G  A  P  +/- PIM S  H  SB GA TA FO     MP     PP MP  PK MP  
------------------------------------------------------------------------------------
Alex Chiasson            0  0  0   0  4   3  1  0  0  0  0/1     8:08   0:00   0:00 
Brandon Dubinsky         1  0  1   1  10  2  1  2  1  1  11/12  19:27   1:55   6:57 
Dave Bolland             0  0  0   0  0   0  3  0  1  1  3/6     8:02   0:00   0:00 
Derek MacKenzie          0  0  0   0  6   0  0  0  1  2  7/13   12:14   0:00   6:43 
Dmitry Kulikov           0  0  0   0  0   2  0  1  0  1  0/0    16:10   1:01   3:53 
John Mitchell            0  1  1   1  0   1  1  0  0  0  1/1     9:25   1:57   0:00 
Leo Komarov              1  0  1   1  0   2  1  2  1  0  6/7    17:29   0:00  12:24 
Marc Methot              0  1  1   0  0   0  0  2  0  1  0/0    22:29   1:01  10:13 
Matt Calvert             0  1  1   1  0   0  1  0  1  1  0/0    13:37   0:00   6:51 
Michael Stone            0  0  0   3  0   0  0  3  0  0  0/0    21:39   0:00  10:14 
Ondrej Palat             0  0  0   2  0   2  1  1  2  0  0/0    12:53   1:27   0:33 
Patric Hornqvist         1  1  2   2  2   5  0  0  0  0  0/0    10:31   1:26   0:00 
Roman Polak              0  2  2   3  4   2  3  4  0  4  0/0    22:25   0:00  10:58 
Ryan Nugent-Hopkins      1  1  2   2  0   2  2  2  2  0  11/14  18:54   1:27   4:04 
Ryan Strome              0  0  0   1  0   0  0  0  0  0  0/0     9:25   1:57   0:00 
Ryan Suter               0  0  0   1  8   3  1  0  0  2  0/0    22:38   2:23   6:30 
Shawn Matthias           0  0  0   0  0   1  0  0  1  0  0/0     8:02   0:00   0:00 
Tyson Barrie             0  0  0   1  0   2  0  0  0  0  0/0    15:52   2:23   0:45 

Players Stats for Wild

Player Name              G  A  P  +/- PIM S  H  SB GA TA FO     MP     PP MP  PK MP  
------------------------------------------------------------------------------------
Brad Marchand            0  0  0  -1  0   3  1  0  3  0  0/2    20:24   9:48   1:20 
Bryce Salvador           0  0  0   0  2   0  0  0  0  0  0/0    10:47   0:00   1:14 
Chris Kunitz             1  0  1  -3  2   3  4  0  1  0  0/0    22:33  10:59   1:58 
Cody Franson             0  0  0  -3  0   2  1  5  0  2  0/0    27:10  12:30   1:36 
Cody McCormick           0  0  0  -3  0   1  0  1  0  0  0/7    22:54  11:21   1:55 
Dale Weise               0  0  0   0  0   1  1  0  0  0  0/0     7:23   0:00   0:00 
Derek Stepan             0  0  0   0  0   1  0  0  0  1  3/5     8:53   0:05   0:00 
Jonathan Ericsson        0  0  0  -1  4   4  1  0  0  0  0/0    21:55   9:24   0:00 
Jordan Eberle            0  0  0   0  0   1  0  0  2  0  0/0     7:24   0:25   0:00 
Luke Schenn              0  1  1  -2  0   1  3  3  0  1  0/0    23:12   9:15   1:36 
Marcus Johansson         0  1  1  -3  0   3  1  1  6  0  4/20   20:55  11:49   0:48 
Marek Zidlicky           0  0  0  -1  0   0  1  0  0  0  0/0    10:04   0:00   0:34 
Mark Streit              0  0  0  -1  0   5  4  0  0  1  0/0    27:59  11:57   1:48 
Mason Raymond            0  0  0  -1  0   1  2  1  4  0  1/2    17:40   9:09   0:00 
Max Talbot               0  0  0   0  0   1  1  0  0  0  2/7    11:06   0:09   0:47 
Patrik Elias             0  0  0  -1  0   1  1  0  2  0  5/11   17:40   9:09   0:00 
Thomas Vanek             0  0  0   0  0   0  1  0  1  0  0/0     6:38   0:00   0:00 
Tuomo Ruutu              0  0  0   0  0   1  1  0  1  0  0/0     7:23   0:00   0:00 

3 Stars

1 - Ryan Nugent-Hopkins (TB )
2 - Carey Price (TB )
3 - Patric Hornqvist (TB )

Power Play

Lightning - 0 on 4 Attempt(s) - 0.00%
Wild - 1 on 17 Attempt(s) - 5.88%

Penalty Kill

Lightning - 16 on 17 Attempt(s) - 94.12% - Score 1 goal in Penalty Kill
Wild - 4 on 4 Attempt(s) - 100.00% - Score 0 goal in Penalty Kill

Team Stat

Lightning - Hits : 15 - Faceoff Wins : 39 - Blocked Shots : 17 - Penalty Minutes : 34
Wild - Hits : 23 - Faceoff Wins : 15 - Blocked Shots : 11 - Penalty Minutes : 8

Official

Referees : Unknown
Linesman : Unknown

Game Notes

No Game Note

Finance

Level 1 -- Attendance: 3952 (65.87%) -- Ticket Income $395,200
Level 2 -- Attendance: 3647 (72.94%) -- Ticket Income $218,820
Level 3 -- Attendance: 1396 (69.80%) -- Ticket Income $48,860
Level 4 -- Attendance: 3010 (75.25%) -- Ticket Income $60,200
Luxury Box -- Attendance: 770 (77.00%) -- Ticket Income $154,000
Game was played at the Xcel Energy Center.
Total Attendance: 12775 (70.97%)
Total Ticket Income: $877,080
Other Income: $429,769
Total Income: $1,306,849

Lightning

5 vs 5 Forward 
   Center                   Left Wing                Right Wing               Time % Phy DF OF 
 1 Ryan Nugent-Hopkins      Ondrej Palat             Patric Hornqvist         30     0   2  3  
 2 Brandon Dubinsky         John Mitchell            Ryan Strome              30     1   2  2  
 3 Dave Bolland             Shawn Matthias           Alex Chiasson            20     1   2  2  
 4 Derek MacKenzie          Matt Calvert             Leo Komarov              20     1   2  2  

5 vs 5 Defense 
   Defense                  Defense                                           Time % Phy DF OF 
 1 Ryan Suter               Tyson Barrie                                      34     1   2  2  
 2 Dmitry Kulikov           Marc Methot                                       33     1   2  2  
 3 Roman Polak              Michael Stone                                     33     1   2  2  
 4 Ryan Suter               Tyson Barrie                                      0      1   2  2  

PowerPlay Forward 
   Center                   Left Wing                Right Wing               Time % Phy DF OF 
 1 Ryan Nugent-Hopkins      Ondrej Palat             Patric Hornqvist         50     0   1  4  
 2 Brandon Dubinsky         John Mitchell            Ryan Strome              50     1   1  3  

PowerPlay Defense
   Defense                  Defense                                           Time % Phy DF OF 
 1 Ryan Suter               Tyson Barrie                                      60     1   2  2  
 2 Dmitry Kulikov           Marc Methot                                       40     1   2  2  

Penalty Kill 4 Players Forward 
   Center                   Wing                     Time % Phy DF OF 
 1 Derek MacKenzie          Leo Komarov              50     1   4  0  
 2 Brandon Dubinsky         Matt Calvert             50     1   4  0  

Penalty Kill 4 Players Defense
   Defense                  Defense                  Time % Phy DF OF 
 1 Roman Polak              Michael Stone            50     1   4  0  
 2 Ryan Suter               Marc Methot              50     1   4  0  

Penalty Kill - 3 Players Forward 
   Forward                                           Time % Phy DF OF 
 1 Derek MacKenzie                                   50     1   4  0  
 2 Brandon Dubinsky                                  50     1   4  0  

Penalty Kill - 3 Players Defense
   Defense                  Defense                  Time % Phy DF OF 
 1 Roman Polak              Michael Stone            50     1   4  0  
 2 Ryan Suter               Marc Methot              50     1   4  0  

4 vs 4 Forward 
   Center                   Wing                     Time % Phy DF OF 
 1 Ryan Nugent-Hopkins      Patric Hornqvist         50     1   2  2  
 2 Brandon Dubinsky         Ondrej Palat             50     1   2  2  

4 vs 4 Defense
   Defense                  Defense                  Time % Phy DF OF 
 1 Ryan Suter               Tyson Barrie             50     1   2  2  
 2 Dmitry Kulikov           Marc Methot              50     1   2  2  

Last Minutes Offensive
   Center                   Left Wing                Right Wing               Defense                  Defense                  
   Ryan Nugent-Hopkins      Brandon Dubinsky         Patric Hornqvist         Ryan Suter               Tyson Barrie             

Last Minutes Defensive
   Center                   Left Wing                Right Wing               Defense                  Defense                  
   Brandon Dubinsky         Matt Calvert             Leo Komarov              Ryan Suter               Roman Polak              

Goaltenders
Starting : Carey Price              
Backup : Mike Smith               

Extra Forwards
Normal : Ryan Nugent-Hopkins, Patric Hornqvist, Brandon Dubinsky - PP : Ryan Nugent-Hopkins, Patric Hornqvist - PK : Leo Komarov
Extra Defensemen
Normal : Ryan Suter, Dmitry Kulikov, Marc Methot - PP : Ryan Suter - PK : Roman Polak, Ryan Suter
Penalty Shots
Derek MacKenzie, Ryan Nugent-Hopkins, Dave Bolland, Tyson Barrie, Ondrej Palat

Wild

5 vs 5 Forward 
   Center                   Left Wing                Right Wing               Time % Phy DF OF 
 1 Marcus Johansson         Chris Kunitz             Cody McCormick           35     1   2  2  
 2 Derek Stepan             Brad Marchand            Thomas Vanek             30     1   2  2  
 3 Patrik Elias             Mason Raymond            Jordan Eberle            22     1   2  2  
 4 Max Talbot               Tuomo Ruutu              Dale Weise               13     1   2  2  

5 vs 5 Defense 
   Defense                  Defense                                           Time % Phy DF OF 
 1 Cody Franson             Luke Schenn                                       35     1   2  2  
 2 Mark Streit              Bryce Salvador                                    30     1   2  2  
 3 Jonathan Ericsson        Marek Zidlicky                                    22     1   2  2  
 4 Cody Franson             Luke Schenn                                       13     1   2  2  

PowerPlay Forward 
   Center                   Left Wing                Right Wing               Time % Phy DF OF 
 1 Marcus Johansson         Chris Kunitz             Cody McCormick           60     1   2  2  
 2 Patrik Elias             Brad Marchand            Mason Raymond            40     1   2  2  

PowerPlay Defense
   Defense                  Defense                                           Time % Phy DF OF 
 1 Cody Franson             Mark Streit                                       60     1   2  2  
 2 Luke Schenn              Jonathan Ericsson                                 40     1   2  2  

Penalty Kill 4 Players Forward 
   Center                   Wing                     Time % Phy DF OF 
 1 Cody McCormick           Chris Kunitz             60     1   2  2  
 2 Max Talbot               Brad Marchand            40     1   2  2  

Penalty Kill 4 Players Defense
   Defense                  Defense                  Time % Phy DF OF 
 1 Bryce Salvador           Mark Streit              60     1   2  2  
 2 Luke Schenn              Cody Franson             40     1   2  2  

Penalty Kill - 3 Players Forward 
   Forward                                           Time % Phy DF OF 
 1 Cody McCormick                                    60     1   2  2  
 2 Chris Kunitz                                      40     1   2  2  

Penalty Kill - 3 Players Defense
   Defense                  Defense                  Time % Phy DF OF 
 1 Bryce Salvador           Mark Streit              60     1   2  2  
 2 Luke Schenn              Cody Franson             40     1   2  2  

4 vs 4 Forward 
   Center                   Wing                     Time % Phy DF OF 
 1 Cody McCormick           Chris Kunitz             60     1   2  2  
 2 Marcus Johansson         Brad Marchand            40     1   2  2  

4 vs 4 Defense
   Defense                  Defense                  Time % Phy DF OF 
 1 Cody Franson             Mark Streit              60     1   2  2  
 2 Luke Schenn              Jonathan Ericsson        40     1   2  2  

Last Minutes Offensive
   Center                   Left Wing                Right Wing               Defense                  Defense                  
   Marcus Johansson         Chris Kunitz             Jordan Eberle            Cody Franson             Mark Streit              

Last Minutes Defensive
   Center                   Left Wing                Right Wing               Defense                  Defense                  
   Cody McCormick           Patrik Elias             Max Talbot               Bryce Salvador           Luke Schenn              

Goaltenders
Starting : Niklas Backstrom         
Backup : Ryan Miller              

Extra Forwards
Normal : Derek Stepan, Max Talbot, Chris Kunitz - PP : Jordan Eberle, Max Talbot - PK : Marcus Johansson
Extra Defensemen
Normal : Cody Franson, Jonathan Ericsson, Luke Schenn - PP : Jonathan Ericsson - PK : Marek Zidlicky, Luke Schenn
Penalty Shots
Jordan Eberle, Chris Kunitz, Max Talbot, Brad Marchand, Cody McCormick

% Time on Ice - Lightning

Lines # - Real PCT - Wanted PCT - Time Play
Normal Forward
1 - 28% - 30% - 8:36
2 - 32% - 30% - 9:49
3 - 26% - 20% - 8:02
4 - 14% - 20% - 4:25
Normal Defense
1 - 39% - 34% - 11:59
2 - 28% - 33% - 8:31
3 - 34% - 33% - 10:22
4 - 0% - 0% - 0:00
PP Forward
1 - 43% - 50% - 1:27
2 - 57% - 50% - 1:57
PP Defense
1 - 70% - 60% - 2:23
2 - 30% - 40% - 1:01
PK Forward
1 - 48% - 50% - 7:57
2 - 52% - 50% - 8:36
PK Defense
1 - 52% - 50% - 8:38
2 - 48% - 50% - 7:55
PK3 Forward
1 - 56% - 50% - 2:36
2 - 44% - 50% - 2:03
PK3 Defense
1 - 51% - 50% - 2:21
2 - 49% - 50% - 2:18
44 Forward
1 - 52% - 50% - 2:21
2 - 48% - 50% - 2:11
44 Defense
1 - 40% - 50% - 1:48
2 - 60% - 50% - 2:44
Last Minute Offensive  - 0:00
Last Minute Defensive  - 0:00
Total
Forward - 60:00
Defense - 60:00

% Time on Ice - Wild

Lines # - Real PCT - Wanted PCT - Time Play
Normal Forward
1 - 27% - 35% - 8:20
2 - 28% - 30% - 8:47
3 - 21% - 22% - 6:22
4 - 24% - 13% - 7:23
Normal Defense
1 - 33% - 35% - 10:12
2 - 37% - 30% - 11:26
3 - 30% - 22% - 9:11
4 - 0% - 13% - 0:03
PP Forward
1 - 54% - 60% - 11:30
2 - 46% - 40% - 9:42
PP Defense
1 - 56% - 60% - 11:57
2 - 44% - 40% - 9:15
PK Forward
1 - 100% - 60% - 3:24
2 - 0% - 40% - 0:00
PK Defense
1 - 53% - 60% - 1:48
2 - 47% - 40% - 1:36
PK3 Forward
1 - 0% - 60%
2 - 0% - 40%
PK3 Defense
1 - 0% - 60%
2 - 0% - 40%
44 Forward
1 - 90% - 60% - 4:06
2 - 10% - 40% - 0:26
44 Defense
1 - 43% - 60% - 1:58
2 - 57% - 40% - 2:34
Last Minute Offensive  - 0:00
Last Minute Defensive  - 0:00
Total
Forward - 60:00
Defense - 60:00

Play by Play

1st period


0:01 of 1st period - Ryan Nugent-Hopkins wins face-off versus Marcus Johansson in neutral zone.
0:06 of 1st period - Wrist shot by Patric Hornqvist.
0:06 of 1st period - Stopped by Niklas Backstrom with a rebound.
0:34 of 1st period - Snap shot by Patric Hornqvist.
0:34 of 1st period - Goal by Patric Hornqvist - Lightning : 1 - Wild : 0.
0:35 of 1st period - Brandon Dubinsky wins face-off versus Derek Stepan in neutral zone.
1:35 of 1st period - Minor Penalty to Alex Chiasson for Hooking.
1:36 of 1st period - Derek MacKenzie wins face-off versus Marcus Johansson in Lightning zone.
1:54 of 1st period - Wrist shot by Chris Kunitz.
1:54 of 1st period - Shot Blocked by Roman Polak.
1:56 of 1st period - Wrist shot by Chris Kunitz.
1:56 of 1st period - Goal by Chris Kunitz - Lightning : 1 - Wild : 1.
1:57 of 1st period - Derek MacKenzie wins face-off versus Max Talbot in neutral zone.
1:59 of 1st period - Minor Penalty to Derek MacKenzie for High sticking.
2:00 of 1st period - Brandon Dubinsky wins face-off versus Marcus Johansson in Lightning zone.
2:50 of 1st period - Leo Komarov is hit by Mason Raymond and loses puck.
3:37 of 1st period - Wrist shot by Ryan Nugent-Hopkins.
3:37 of 1st period - Stopped by Niklas Backstrom without a rebound.
3:38 of 1st period - Ryan Nugent-Hopkins wins face-off versus Marcus Johansson in Wild zone.
3:59 of 1st period - Penalty to Derek MacKenzie is over, Derek MacKenzie is back on ice.
4:16 of 1st period - Minor Penalty to Alex Chiasson for Tripping.
4:17 of 1st period - Brandon Dubinsky wins face-off versus Marcus Johansson in Lightning zone.
4:25 of 1st period - Snap shot by Chris Kunitz.
4:25 of 1st period - Shot Misses the Net.
4:27 of 1st period - Snap shot by Jonathan Ericsson.
4:27 of 1st period - Shot Blocked by Brandon Dubinsky.
4:29 of 1st period - Slapshot by Jonathan Ericsson.
4:29 of 1st period - Shot Blocked by Roman Polak.
6:10 of 1st period - Ryan Nugent-Hopkins is hit by Mark Streit and loses puck.
6:16 of 1st period - Penalty to Alex Chiasson is over, Alex Chiasson is back on ice.
6:23 of 1st period - Slapshot by Alex Chiasson.
6:23 of 1st period - Stopped by Niklas Backstrom without a rebound.
6:24 of 1st period - Patrik Elias wins face-off versus Dave Bolland in Wild zone.
6:31 of 1st period - Wrist shot by Alex Chiasson.
6:31 of 1st period - Shot Blocked by Luke Schenn.
6:33 of 1st period - Slapshot by Roman Polak.
6:33 of 1st period - Stopped by Niklas Backstrom with a rebound.
6:58 of 1st period - Jonathan Ericsson is hit by Roman Polak and loses puck.
7:11 of 1st period - Patric Hornqvist is hit by Tuomo Ruutu and loses puck.
8:02 of 1st period - Tyson Barrie is hit by Chris Kunitz and loses puck.
8:37 of 1st period - Slapshot by Marek Zidlicky.
8:37 of 1st period - Shot Blocked by Dmitry Kulikov.
9:08 of 1st period - Slapshot by Alex Chiasson.
9:08 of 1st period - Stopped by Niklas Backstrom without a rebound.
9:09 of 1st period - Derek Stepan wins face-off versus Alex Chiasson in Wild zone.
9:54 of 1st period - Wrist shot by Ondrej Palat.
9:54 of 1st period - Stopped by Niklas Backstrom with a rebound.
10:58 of 1st period - Slapshot by Ryan Suter.
10:58 of 1st period - Shot Blocked by Luke Schenn.
11:39 of 1st period - Michael Stone is hit by Chris Kunitz and loses puck.
12:19 of 1st period - Icing by Michael Stone.
12:20 of 1st period - Ryan Nugent-Hopkins wins face-off versus Patrik Elias in Lightning zone.
12:25 of 1st period - Jonathan Ericsson is hit by Roman Polak and loses puck.
13:02 of 1st period - Backhand shot by Brandon Dubinsky.
13:02 of 1st period - Stopped by Niklas Backstrom with a rebound.
13:34 of 1st period - Cody McCormick is hit by Leo Komarov and loses puck.
14:27 of 1st period - Ryan Nugent-Hopkins is hit by Max Talbot and loses puck.
14:48 of 1st period - Mark Streit is hit by Ryan Nugent-Hopkins and loses puck.
15:31 of 1st period - Snap shot by Marcus Johansson.
15:31 of 1st period - Shot Blocked by Michael Stone.
15:33 of 1st period - Slapshot by Bryce Salvador.
15:33 of 1st period - Shot Hit the Post.
15:35 of 1st period - Snap shot by Cody McCormick.
15:35 of 1st period - Stopped by Carey Price without a rebound.
15:36 of 1st period - Marcus Johansson wins face-off versus Derek MacKenzie in Lightning zone.
15:39 of 1st period - Slapshot by Marcus Johansson.
15:39 of 1st period - Stopped by Carey Price with a rebound.
15:49 of 1st period - Minor Penalty to Derek MacKenzie for Hooking.
15:50 of 1st period - Marcus Johansson wins face-off versus Brandon Dubinsky in Lightning zone.
16:19 of 1st period - Brandon Dubinsky is hit by Mark Streit.
16:37 of 1st period - Minor Penalty to Ryan Suter for Hooking.
16:38 of 1st period - Leo Komarov wins face-off versus Marcus Johansson in Lightning zone.
16:45 of 1st period - Slapshot by Michael Stone.
16:45 of 1st period - Shot Blocked by Cody Franson.
16:47 of 1st period - Snap shot by Leo Komarov.
16:47 of 1st period - Shot Blocked by Cody Franson.
16:53 of 1st period - Wrist shot by Leo Komarov.
16:53 of 1st period - Shot Blocked by Cody McCormick.
16:55 of 1st period - Slapshot by Roman Polak.
16:55 of 1st period - Stopped by Niklas Backstrom with a rebound.
17:09 of 1st period - Brandon Dubinsky is hit by Mark Streit and loses puck.
17:39 of 1st period - Icing by Cody McCormick.
17:40 of 1st period - Leo Komarov wins face-off versus Marcus Johansson in Wild zone.
17:49 of 1st period - Penalty to Derek MacKenzie is over, Derek MacKenzie is back on ice.
17:49 of 1st period - Snap shot by Chris Kunitz.
17:49 of 1st period - Shot Blocked by Leo Komarov.
18:11 of 1st period - Roman Polak is hit by Patrik Elias and loses puck.
18:28 of 1st period - Dmitry Kulikov is hit by Cody Franson and loses puck.
18:37 of 1st period - Penalty to Ryan Suter is over, Ryan Suter is back on ice.
19:24 of 1st period - Dmitry Kulikov is hit by Luke Schenn and loses puck.
19:38 of 1st period - Backhand shot by Ryan Suter.
19:38 of 1st period - Deflect By Alex Chiasson.
19:38 of 1st period - Shot Misses the Net.
19:38 of 1st period - Puck is out of play.
19:39 of 1st period - Ryan Nugent-Hopkins wins face-off versus Patrik Elias in Wild zone.
19:50 of 1st period - Snap shot by Patric Hornqvist.
19:50 of 1st period - Shot Misses the Net.
19:52 of 1st period - Snap shot by Ondrej Palat.
19:52 of 1st period - Shot Misses the Net.
19:54 of 1st period - Wrist shot by Ryan Nugent-Hopkins.
19:54 of 1st period - Shot Blocked by Mason Raymond.
Goals for this period are 1 for Lightning vs 1 for Wild.
Shots for this period are 9 for Lightning vs 3 for Wild.

2nd period


0:01 of 2nd period - Ryan Nugent-Hopkins wins face-off versus Marcus Johansson in neutral zone.
0:20 of 2nd period - Snap shot by Patric Hornqvist.
0:20 of 2nd period - Shot Misses the Net.
0:22 of 2nd period - Snap shot by Ondrej Palat.
0:22 of 2nd period - Shot Blocked by Marcus Johansson.
0:24 of 2nd period - Slapshot by Roman Polak.
0:24 of 2nd period - Shot Blocked by Luke Schenn.
0:28 of 2nd period - Snap shot by Patric Hornqvist.
0:28 of 2nd period - Stopped by Niklas Backstrom with a rebound.
0:30 of 2nd period - Snap shot by Ryan Nugent-Hopkins.
0:30 of 2nd period - Goal by Ryan Nugent-Hopkins - Lightning : 2 - Wild : 1.
0:31 of 2nd period - Brandon Dubinsky wins face-off versus Derek Stepan in neutral zone.
0:53 of 2nd period - Minor Penalty to Brandon Dubinsky for Roughing.
0:54 of 2nd period - Leo Komarov wins face-off versus Marcus Johansson in Lightning zone.
1:41 of 2nd period - Backhand shot by Leo Komarov.
1:41 of 2nd period - Goal by Leo Komarov - Lightning : 3 - Wild : 1.
1:42 of 2nd period - Mason Raymond wins face-off versus Derek MacKenzie in neutral zone.
1:45 of 2nd period - Leo Komarov is hit by Luke Schenn and loses puck.
1:52 of 2nd period - Wrist shot by Brad Marchand.
1:52 of 2nd period - Stopped by Carey Price with a rebound.
1:54 of 2nd period - Slapshot by Jonathan Ericsson.
1:54 of 2nd period - Stopped by Carey Price with a rebound.
1:56 of 2nd period - Slapshot by Jonathan Ericsson.
1:56 of 2nd period - Shot Misses the Net.
2:34 of 2nd period - Ryan Nugent-Hopkins is hit by Chris Kunitz and loses puck.
2:53 of 2nd period - Penalty to Brandon Dubinsky is over, Brandon Dubinsky is back on ice.
2:53 of 2nd period - Wrist shot by Chris Kunitz.
2:53 of 2nd period - Shot Blocked by Marc Methot.
2:55 of 2nd period - Snap shot by Cody McCormick.
2:55 of 2nd period - Shot Blocked by Brandon Dubinsky.
2:57 of 2nd period - Wrist shot by Cody McCormick.
2:57 of 2nd period - Shot Misses the Net.
3:23 of 2nd period - Slapshot by Tuomo Ruutu.
3:23 of 2nd period - Deflect By Dale Weise.
3:23 of 2nd period - Stopped by Carey Price without a rebound.
3:24 of 2nd period - Dave Bolland wins face-off versus Brad Marchand in Lightning zone.
3:31 of 2nd period - Marek Zidlicky is hit by Dave Bolland and loses puck.
3:44 of 2nd period - Roman Polak is hit by Jonathan Ericsson and loses puck.
3:51 of 2nd period - Brad Marchand is hit by Alex Chiasson and loses puck.
4:19 of 2nd period - Snap shot by Cody Franson.
4:19 of 2nd period - Shot Blocked by Roman Polak.
4:28 of 2nd period - Wrist shot by Mason Raymond.
4:28 of 2nd period - Shot Misses the Net.
4:49 of 2nd period - Roman Polak is hit by Mark Streit and loses puck.
5:01 of 2nd period - Icing by Brandon Dubinsky.
5:02 of 2nd period - Brandon Dubinsky wins face-off versus Marcus Johansson in Lightning zone.
5:15 of 2nd period - Wrist shot by Chris Kunitz.
5:15 of 2nd period - Shot Misses the Net.
5:17 of 2nd period - Snap shot by Jonathan Ericsson.
5:17 of 2nd period - Stopped by Carey Price with a rebound.
5:19 of 2nd period - Wrist shot by Chris Kunitz.
5:19 of 2nd period - Deflect By Cody McCormick.
5:19 of 2nd period - Shot Blocked by Ryan Nugent-Hopkins.
5:19 of 2nd period - Puck is out of play.
5:20 of 2nd period - Ryan Nugent-Hopkins wins face-off versus Max Talbot in Lightning zone.
5:22 of 2nd period - Minor Penalty to Ryan Suter for Boarding.
5:23 of 2nd period - Derek MacKenzie wins face-off versus Marcus Johansson in Lightning zone.
5:37 of 2nd period - Slapshot by Marcus Johansson.
5:37 of 2nd period - Shot Misses the Net.
5:51 of 2nd period - Wrist shot by Chris Kunitz.
5:51 of 2nd period - Shot Misses the Net.
5:53 of 2nd period - Slapshot by Cody Franson.
5:53 of 2nd period - Deflect By Marcus Johansson.
5:53 of 2nd period - Stopped by Carey Price with a rebound.
5:55 of 2nd period - Wrist shot by Mark Streit.
5:55 of 2nd period - Stopped by Carey Price without a rebound.
5:56 of 2nd period - Brandon Dubinsky wins face-off versus Patrik Elias in Lightning zone.
5:58 of 2nd period - Minor Penalty to Brandon Dubinsky for Hooking.
5:59 of 2nd period - Patrik Elias wins face-off versus Leo Komarov in Lightning zone.
7:05 of 2nd period - Dmitry Kulikov is hit by Chris Kunitz and loses puck.
7:22 of 2nd period - Penalty to Ryan Suter is over, Ryan Suter is back on ice.
7:40 of 2nd period - Slapshot by Brad Marchand.
7:40 of 2nd period - Shot Blocked by Marc Methot.
7:56 of 2nd period - Slapshot by Marcus Johansson.
7:56 of 2nd period - Stopped by Carey Price with a rebound.
7:58 of 2nd period - Penalty to Brandon Dubinsky is over, Brandon Dubinsky is back on ice.
7:58 of 2nd period - Snap shot by Mark Streit.
7:58 of 2nd period - Stopped by Carey Price without a rebound.
7:59 of 2nd period - John Mitchell wins face-off versus Marcus Johansson in Lightning zone.
8:16 of 2nd period - Slapshot by Mark Streit.
8:16 of 2nd period - Deflect By Brandon Dubinsky.
8:16 of 2nd period - Stopped by Carey Price with a rebound.
8:36 of 2nd period - Jonathan Ericsson is hit by John Mitchell and loses puck.
8:42 of 2nd period - Minor Penalty to Brandon Dubinsky for Tripping.
8:43 of 2nd period - Derek MacKenzie wins face-off versus Patrik Elias in Lightning zone.
8:55 of 2nd period - Wrist shot by Patrik Elias.
8:55 of 2nd period - Stopped by Carey Price with a rebound.
9:09 of 2nd period - Snap shot by Leo Komarov.
9:09 of 2nd period - Stopped by Niklas Backstrom without a rebound.
9:10 of 2nd period - Leo Komarov wins face-off versus Marcus Johansson in Wild zone.
10:10 of 2nd period - Matt Calvert is hit by Luke Schenn and loses puck.
10:39 of 2nd period - Cody Franson is hit by Matt Calvert and loses puck.
10:42 of 2nd period - Penalty to Brandon Dubinsky is over, Brandon Dubinsky is back on ice.
11:18 of 2nd period - Wrist shot by Shawn Matthias.
11:18 of 2nd period - Shot Blocked by Cody Franson.
11:28 of 2nd period - Wrist shot by Shawn Matthias.
11:28 of 2nd period - Stopped by Niklas Backstrom with a rebound.
11:30 of 2nd period - Slapshot by Dmitry Kulikov.
11:30 of 2nd period - Shot Misses the Net.
11:56 of 2nd period - Snap shot by Tuomo Ruutu.
11:56 of 2nd period - Stopped by Carey Price with a rebound.
11:58 of 2nd period - Slapshot by Max Talbot.
11:58 of 2nd period - Shot Misses the Net.
12:00 of 2nd period - Slapshot by Marek Zidlicky.
12:00 of 2nd period - Shot Misses the Net.
12:05 of 2nd period - Minor Penalty to Jonathan Ericsson for Interference.
12:06 of 2nd period - Max Talbot wins face-off versus Ryan Nugent-Hopkins in Wild zone.
12:06 of 2nd period - Max Talbot is hit by Ryan Suter.
12:14 of 2nd period - Minor Penalty to Patric Hornqvist for Hooking.
12:15 of 2nd period - Ryan Nugent-Hopkins wins face-off versus Cody McCormick in Lightning zone.
12:44 of 2nd period - Snap shot by Derek Stepan.
12:44 of 2nd period - Shot Misses the Net.
12:52 of 2nd period - Snap shot by Tyson Barrie.
12:52 of 2nd period - Deflect By Luke Schenn.
12:52 of 2nd period - Stopped by Niklas Backstrom with a rebound.
13:13 of 2nd period - Luke Schenn is hit by Ondrej Palat and loses puck.
13:30 of 2nd period - Snap shot by Brandon Dubinsky.
13:30 of 2nd period - Shot Misses the Net.
14:05 of 2nd period - Penalty to Jonathan Ericsson is over, Jonathan Ericsson is back on ice.
14:14 of 2nd period - Penalty to Patric Hornqvist is over, Patric Hornqvist is back on ice.
14:51 of 2nd period - Wrist shot by Jordan Eberle.
14:51 of 2nd period - Shot Blocked by Roman Polak.
14:53 of 2nd period - Slapshot by Jonathan Ericsson.
14:53 of 2nd period - Stopped by Carey Price without a rebound.
14:54 of 2nd period - Dave Bolland wins face-off versus Brad Marchand in Lightning zone.
15:03 of 2nd period - Ryan Suter is hit by Thomas Vanek and loses puck.
15:19 of 2nd period - Snap shot by Brad Marchand.
15:19 of 2nd period - Shot Misses the Net.
16:07 of 2nd period - Slapshot by Dmitry Kulikov.
16:07 of 2nd period - Stopped by Niklas Backstrom with a rebound.
16:09 of 2nd period - Slapshot by Dmitry Kulikov.
16:09 of 2nd period - Shot Misses the Net.
16:11 of 2nd period - Slapshot by Dmitry Kulikov.
16:11 of 2nd period - Stopped by Niklas Backstrom without a rebound.
16:12 of 2nd period - Derek MacKenzie wins face-off versus Marcus Johansson in Wild zone.
17:16 of 2nd period - Wrist shot by Mark Streit.
17:16 of 2nd period - Stopped by Carey Price without a rebound.
17:17 of 2nd period - Dave Bolland wins face-off versus Max Talbot in Lightning zone.
17:26 of 2nd period - Slapshot by Tyson Barrie.
17:26 of 2nd period - Stopped by Niklas Backstrom with a rebound.
17:28 of 2nd period - Wrist shot by Alex Chiasson.
17:28 of 2nd period - Shot Misses the Net.
17:30 of 2nd period - Wrist shot by Alex Chiasson.
17:30 of 2nd period - Stopped by Niklas Backstrom with a rebound.
17:32 of 2nd period - Snap shot by Shawn Matthias.
17:32 of 2nd period - Shot Misses the Net.
17:48 of 2nd period - Jonathan Ericsson is hit by Dave Bolland and loses puck.
17:53 of 2nd period - Snap shot by Alex Chiasson.
17:53 of 2nd period - Shot Misses the Net.
18:23 of 2nd period - Snap shot by Jordan Eberle.
18:23 of 2nd period - Stopped by Carey Price with a rebound.
18:27 of 2nd period - Snap shot by Jordan Eberle.
18:27 of 2nd period - Shot Misses the Net.
18:29 of 2nd period - Minor Penalty to Ryan Suter for Hooking.
18:30 of 2nd period - Patrik Elias wins face-off versus Derek MacKenzie in Lightning zone.
18:39 of 2nd period - Backhand shot by Patrik Elias.
18:39 of 2nd period - Deflect By Brad Marchand.
18:39 of 2nd period - Stopped by Carey Price with a rebound.
18:41 of 2nd period - Slapshot by Mark Streit.
18:41 of 2nd period - Deflect By Leo Komarov.
18:41 of 2nd period - Stopped by Carey Price with a rebound.
18:43 of 2nd period - Slapshot by Brad Marchand.
18:43 of 2nd period - Shot Misses the Net.
18:45 of 2nd period - Snap shot by Brad Marchand.
18:45 of 2nd period - Stopped by Carey Price with a rebound.
18:47 of 2nd period - Slapshot by Cody Franson.
18:47 of 2nd period - Stopped by Carey Price without a rebound.
18:48 of 2nd period - Patrik Elias wins face-off versus Derek MacKenzie in Lightning zone.
19:01 of 2nd period - Wrist shot by Brandon Dubinsky.
19:01 of 2nd period - Shot Blocked by Cody Franson.
Goals for this period are 2 for Lightning vs 0 for Wild.
Shots for this period are 10 for Lightning vs 18 for Wild.

3rd period


0:01 of 3rd period - Marcus Johansson wins face-off versus Derek MacKenzie in neutral zone.
0:29 of 3rd period - Penalty to Ryan Suter is over, Ryan Suter is back on ice.
0:35 of 3rd period - Minor Penalty to Chris Kunitz for Boarding.
0:36 of 3rd period - Brandon Dubinsky wins face-off versus Cody McCormick in Wild zone.
0:41 of 3rd period - Minor Penalty to Brandon Dubinsky for Roughing.
0:42 of 3rd period - Ryan Nugent-Hopkins wins face-off versus Cody McCormick in Lightning zone.
1:11 of 3rd period - Backhand shot by Derek Stepan.
1:11 of 3rd period - Shot Blocked by Ryan Nugent-Hopkins.
1:37 of 3rd period - Wrist shot by Max Talbot.
1:37 of 3rd period - Shot Hit the Post.
1:39 of 3rd period - Snap shot by Jonathan Ericsson.
1:39 of 3rd period - Stopped by Carey Price with a rebound.
1:41 of 3rd period - Slapshot by Jonathan Ericsson.
1:41 of 3rd period - Deflect By Max Talbot.
1:41 of 3rd period - Stopped by Carey Price with a rebound.
1:43 of 3rd period - Slapshot by Luke Schenn.
1:43 of 3rd period - Stopped by Carey Price with a rebound.
1:45 of 3rd period - Slapshot by Luke Schenn.
1:45 of 3rd period - Shot Misses the Net.
1:47 of 3rd period - Backhand shot by Cody McCormick.
1:47 of 3rd period - Shot Blocked by Ondrej Palat.
2:35 of 3rd period - Penalty to Chris Kunitz is over, Chris Kunitz is back on ice.
2:41 of 3rd period - Penalty to Brandon Dubinsky is over, Brandon Dubinsky is back on ice.
3:13 of 3rd period - Minor Penalty to Jonathan Ericsson for Tripping.
3:14 of 3rd period - Brandon Dubinsky wins face-off versus Cody McCormick in Wild zone.
3:46 of 3rd period - Snap shot by Ryan Strome.
3:46 of 3rd period - Shot Misses the Net.
4:23 of 3rd period - Minor Penalty to Brandon Dubinsky for Slashing.
4:24 of 3rd period - Derek Stepan wins face-off versus Ryan Nugent-Hopkins in Lightning zone.
5:04 of 3rd period - Icing by Cody Franson.
5:05 of 3rd period - Marcus Johansson wins face-off versus Ryan Nugent-Hopkins in Wild zone.
5:13 of 3rd period - Penalty to Jonathan Ericsson is over, Jonathan Ericsson is back on ice.
5:48 of 3rd period - Minor Penalty to Derek MacKenzie for Tripping.
5:49 of 3rd period - Leo Komarov wins face-off versus Patrik Elias in Lightning zone.
6:02 of 3rd period - Slapshot by Mark Streit.
6:02 of 3rd period - Shot Blocked by Leo Komarov.
6:04 of 3rd period - Slapshot by Mark Streit.
6:04 of 3rd period - Shot Blocked by Michael Stone.
6:06 of 3rd period - Slapshot by Cody Franson.
6:06 of 3rd period - Stopped by Carey Price without a rebound.
6:07 of 3rd period - Leo Komarov wins face-off versus Mason Raymond in Lightning zone.
6:23 of 3rd period - Penalty to Brandon Dubinsky is over, Brandon Dubinsky is back on ice.
7:48 of 3rd period - Penalty to Derek MacKenzie is over, Derek MacKenzie is back on ice.
8:45 of 3rd period - Slapshot by Ryan Suter.
8:45 of 3rd period - Deflect By Derek Stepan.
8:45 of 3rd period - Stopped by Niklas Backstrom with a rebound.
8:50 of 3rd period - Off-side.
8:51 of 3rd period - Derek Stepan wins face-off versus Dave Bolland in neutral zone.
9:06 of 3rd period - Bryce Salvador is hit by Dave Bolland and loses puck.
9:15 of 3rd period - Slapshot by Derek Stepan.
9:15 of 3rd period - Stopped by Carey Price without a rebound.
9:16 of 3rd period - Brandon Dubinsky wins face-off versus Max Talbot in Lightning zone.
10:37 of 3rd period - Cody McCormick is hit by Ryan Nugent-Hopkins and loses puck.
11:32 of 3rd period - Minor Penalty to Bryce Salvador for Goalie Interference.
11:33 of 3rd period - Ryan Nugent-Hopkins wins face-off versus Cody McCormick in Wild zone.
11:33 of 3rd period - Snap shot by Patric Hornqvist.
11:33 of 3rd period - Shot Misses the Net.
12:02 of 3rd period - Wrist shot by Chris Kunitz.
12:02 of 3rd period - Stopped by Carey Price without a rebound.
12:03 of 3rd period - Brandon Dubinsky wins face-off versus Cody McCormick in Lightning zone.
12:18 of 3rd period - Snap shot by Brandon Dubinsky.
12:18 of 3rd period - Shot Misses the Net.
12:20 of 3rd period - Slapshot by Dmitry Kulikov.
12:20 of 3rd period - Shot Blocked by Cody Franson.
12:22 of 3rd period - Wrist shot by Marc Methot.
12:22 of 3rd period - Shot Misses the Net.
13:10 of 3rd period - Snap shot by Ryan Suter.
13:10 of 3rd period - Stopped by Niklas Backstrom with a rebound.
13:12 of 3rd period - Slapshot by Ryan Suter.
13:12 of 3rd period - Shot Misses the Net.
13:26 of 3rd period - Brandon Dubinsky is hit by Marek Zidlicky and loses puck.
13:32 of 3rd period - Penalty to Bryce Salvador is over, Bryce Salvador is back on ice.
13:39 of 3rd period - Slapshot by Ryan Suter.
13:39 of 3rd period - Shot Misses the Net.
13:41 of 3rd period - Slapshot by Ryan Suter.
13:41 of 3rd period - Stopped by Niklas Backstrom with a rebound.
13:43 of 3rd period - Snap shot by Matt Calvert.
13:43 of 3rd period - Shot Misses the Net.
13:53 of 3rd period - Minor Penalty to Ryan Suter for Tripping.
13:54 of 3rd period - Patrik Elias wins face-off versus Derek MacKenzie in Lightning zone.
14:21 of 3rd period - Minor Penalty to Roman Polak for Holding.
14:22 of 3rd period - Derek MacKenzie wins face-off versus Marcus Johansson in Lightning zone.
15:07 of 3rd period - Dmitry Kulikov is hit by Mason Raymond.
15:26 of 3rd period - Michael Stone is hit by Marcus Johansson and loses puck.
15:48 of 3rd period - Slapshot by Luke Schenn.
15:48 of 3rd period - Shot Misses the Net.
15:50 of 3rd period - Slapshot by Jonathan Ericsson.
15:50 of 3rd period - Shot Misses the Net.
15:52 of 3rd period - Slapshot by Jonathan Ericsson.
15:52 of 3rd period - Shot Blocked by Michael Stone.
15:53 of 3rd period - Penalty to Ryan Suter is over, Ryan Suter is back on ice.
16:21 of 3rd period - Penalty to Roman Polak is over, Roman Polak is back on ice.
16:24 of 3rd period - Jonathan Ericsson is hit by Roman Polak and loses puck.
16:36 of 3rd period - Marek Zidlicky is hit by Brandon Dubinsky and loses puck.
16:57 of 3rd period - Snap shot by Ryan Nugent-Hopkins.
16:57 of 3rd period - Deflect By Patric Hornqvist.
16:57 of 3rd period - Stopped by Niklas Backstrom without a rebound.
16:58 of 3rd period - Ryan Nugent-Hopkins wins face-off versus Max Talbot in Wild zone.
17:07 of 3rd period - Slapshot by Ondrej Palat.
17:07 of 3rd period - Stopped by Niklas Backstrom without a rebound.
17:08 of 3rd period - Max Talbot wins face-off versus Dave Bolland in Wild zone.
17:37 of 3rd period - Ryan Suter is hit by Dale Weise and loses puck.
17:55 of 3rd period - Wrist shot by Patric Hornqvist.
17:55 of 3rd period - Deflect By Brad Marchand.
17:55 of 3rd period - Stopped by Niklas Backstrom with a rebound.
18:15 of 3rd period - Ryan Suter is hit by Brad Marchand and loses puck.
18:38 of 3rd period - Snap shot by Chris Kunitz.
18:38 of 3rd period - Stopped by Carey Price without a rebound.
18:39 of 3rd period - Brandon Dubinsky wins face-off versus Cody McCormick in Lightning zone.
18:54 of 3rd period - Wrist shot by Ryan Strome.
18:54 of 3rd period - Deflect By John Mitchell.
18:54 of 3rd period - Stopped by Niklas Backstrom with a rebound.
18:58 of 3rd period - Snap shot by Brandon Dubinsky.
18:58 of 3rd period - Goal by Brandon Dubinsky - Lightning : 4 - Wild : 1.
18:59 of 3rd period - Ryan Nugent-Hopkins wins face-off versus Patrik Elias in neutral zone.
19:18 of 3rd period - Snap shot by Mason Raymond.
19:18 of 3rd period - Stopped by Carey Price with a rebound.
19:42 of 3rd period - Minor Penalty to Roman Polak for Holding.
19:43 of 3rd period - Derek MacKenzie wins face-off versus Marcus Johansson in Lightning zone.
19:58 of 3rd period - Slapshot by Marcus Johansson.
19:58 of 3rd period - Shot Misses the Net.
Goals for this period are 1 for Lightning vs 0 for Wild.
Shots for this period are 8 for Lightning vs 8 for Wild.